 Dungeon Crawl Stone Soup version 0.28-a0-1213-g0243856f03 (webtiles) character file.

Game seed: 5670749610862457270

172996 shoop the Severer (level 17, -9/157 HPs)
             Began as a Palentonga Abyssal Knight on Dec 22, 2021.
             Was a High Priest of Lugonu.
             Shot with a sling bullet by a satyr (28 damage)
             ... on level 3 of the Shoals on Dec 25, 2021.
             The game lasted 02:07:16 (51787 turns).

shoop the Severer (Palentonga Abyssal Knight)      Turns: 51787, Time: 02:07:16

Health: -9/157     AC: 25    Str: 26    XL:     17   Next: 17%
Magic:  22/26      EV: 20    Int: 15    God:    Lugonu [*****.]
Gold:   2615       SH:  8    Dex: 17    Spells: 16/16 levels left

rFire   + + +      SeeInvis +   C - +4 broad axe (distort)
rCold   + . .      Faith    .   L - +2 buckler
rNeg    + + .      Spirit   .   T - +4 ring mail of Hadjma {rN+ Str+6 Slay-4}
rPois   .          Reflect  .   N - +2 helmet
rElec   .          Harm     .   B - scarf {rC+ rF+}
rCorr   .          Rampage  .   s - +0 pair of gloves
Will    ++...                   t - +0 barding
Stlth   ++........              y - amulet of Vanop {Acrobat rF++ rN+ SInv}
HPRegen 0.36/turn               x - ring "Gipp" {Will+ Dex+6}
MPRegen 0.20/turn               Z - ring of the Hare {EV+8}

@: curled up
A: large, rugged brown scales 3, see invisible, deformed body, roll 1, armoured
tail, reflexive curl
}: 1/15 runes: serpentine
a: Rolling Charge, Renounce Religion, Depart the Abyss, Bend Space, Banish,
Corrupt, Enter the Abyss


You were on level 3 of the Shoals.
You worshipped Lugonu.
Lugonu was extremely pleased with you.
You visited 5 branches of the dungeon, and saw 31 of its levels.
You visited the Abyss 1 time.
You also visited: Bailey and Volcano.

You collected 2672 gold pieces.
You spent 57 gold pieces at shops.

Inventory:

Hand Weapons
 C - a +4 broad axe of distortion (weapon)
Missiles
 G - 2 throwing nets
 W - 2 javelins
Armour
 a - a +1 chain mail of cold resistance
 s - a +0 pair of gloves (worn)
 t - a +0 barding (worn)
 B - a scarf of resistance (worn)
 L - a +2 buckler (worn)
 N - a +2 helmet (worn)
 P - a +2 plate armour of fire resistance
 T - the +4 ring mail of Hadjma (worn) {rN+ Str+6 Slay-4}
   (You found it on level 6 of the Lair of Beasts)

   Str:       It affects your strength (+6).
   Slay:      It affects your accuracy & damage with ranged weapons and melee
   (-4).
   rN:        It protects you from negative energy.
Jewellery
 e - a ring of positive energy
 w - a ring of poison resistance
 x - the ring "Gipp" (left hand) {Will+ Dex+6}
   (You found it on level 6 of the Lair of Beasts)

   [ring of dexterity]

   Dex:       It affects your dexterity (+6).
   Will:      It increases your willpower.
 y - the amulet of Vanop (around neck) {Acrobat rF++ rN+ SInv}
   (You acquired it on level 2 of the Snake Pit)

   [amulet of the acrobat]

   It increases your evasion while moving and waiting.
   rF:        It greatly protects you from fire.
   rN:        It protects you from negative energy.
   SInv:      It lets you see invisible.
 D - a ring of resist corrosion
 X - a +6 ring of strength
 Z - the ring of the Hare (right hand) {EV+8}
   (You found it on level 1 of the Lair of Beasts)

   [ring of evasion]

   EV:        It affects your evasion (+8).
Wands
 h - a wand of charming (5)
 H - a wand of paralysis (11)
 K - a wand of polymorph (6)
 M - a wand of iceblast (10)
 U - a wand of digging (2)
Scrolls
 i - 5 scrolls of enchant armour
 j - 10 scrolls of teleportation
 l - a scroll of fear
 m - 4 scrolls of fog
 p - 5 scrolls of amnesia
 q - 2 scrolls of summoning
 u - 3 scrolls of holy word
 A - 4 scrolls of immolation
 E - 2 scrolls of blinking
 F - 2 scrolls of identify
 I - 3 scrolls of brand weapon
 Q - a scroll of magic mapping
Potions
 c - 6 potions of curing
 d - 6 potions of brilliance
 f - 9 potions of degeneration
 g - 2 potions of attraction
 n - a potion of heal wounds
 o - 5 potions of flight
 r - a potion of cancellation
 v - 5 potions of ambrosia
 z - 4 potions of might
 J - 4 potions of mutation
 O - a potion of magic
 R - 2 potions of invisibility
 S - a potion of haste
 Y - a potion of berserk rage
Miscellaneous
 b - a lightning rod (4/4)
 k - a box of beasts
 V - a piece from Xom's chessboard (15/15)


   Skills:
 - Level 17.2 Fighting
 - Level 17.9(18.0) Axes
 - Level 2.3(11.9) Maces & Flails
 - Level 3.0 Armour
 - Level 10.0 Dodging
 - Level 3.0 Stealth
 + Level 7.7 Shields
 - Level 13.0 Invocations
 - Level 5.0 Evocations


You had 16 spell levels left.
You didn't know any spells.
Your spell library contained the following spells:

 Spells                   Type           Power      Damage    Failure   Level
 Beastly Appendage        Tmut           0%         N/A       36%         1
 Foxfire                  Conj/Fire      0%         2x1d4     36%         1
 Corpse Rot               Necr/Air       0%         N/A       52%         2
 Ensorcelled Hibernation  Hex/Ice        0%         N/A       52%         2
 Scorch                   Fire           0%         2d5       52%         2
 Wereblood                Tmut           0%         N/A       52%         2
 Conjure Flame            Conj/Fire      0%         6-21      75%         3
 Dazzling Flash           Conj/Hex       0%         N/A       75%         3
 Frozen Ramparts          Ice            0%         1d2       75%         3
 Inner Flame              Hex/Fire       0%         N/A       75%         3
 Ozocubu's Armour         Ice            0%         N/A       75%         3
 Spider Form              Tmut/Pois      0%         N/A       75%         3
 Tukima's Dance           Hex            0%         N/A       75%         3
 Dispel Undead            Necr           0%         3d6       98%         4
 Flame Wave               Conj/Fire      0%         2d4       98%         4
 Ice Form                 Ice/Tmut       0%         N/A       98%         4
 Summon Ice Beast         Ice/Summ       0%         N/A       98%         4
 Agony                    Necr           0%         N/A       100%        5
 Silence                  Hex/Air        0%         N/A       100%        5
 Death Channel            Necr           0%         N/A       100%        6
 Summon Cactus Giant      Summ           0%         N/A       100%        6
 Ozocubu's Refrigeration  Ice            0%         4d5       100%        7


Dungeon Overview and Level Annotations

Branches:
Dungeon (15/15)            Temple (0/1) D:7            Lair (6/6) D:8
 Shoals (4/4) Lair:4        Snake (4/4) Lair:2        Slime (0/5) Lair:6
    Orc (2/2) D:11            Elf (0/3) Orc:2        Vaults (0/5) D:14
 Bailey (visited)         Volcano (visited)
 Depths: D:15

Altars:
Cheibriados
Fedhas
Hepliaklqana
Kikubaaqudgha
Nemelex Xobeh
Trog
Uskayaw
Vehumet
Wu Jian
Xom
Yredelemnul
Jiyva

Shops:
D:5 (   D:14 ?   Orc:2 ((*=   Snake:3 [

Annotations:
D:3 2 transporters, bronco's ghost, amateur HuAE
D:6 2 runed translucent doors, LynnLen's ghost, novice FoFi; Maggie
D:9 1 runed translucent door, Gastronok
D:11 exclusion: tengu warrior
D:13 exclusion: tengu warrior
Snake:4 corrupted


Innate Abilities, Weirdness & Mutations

You are completely covered in rugged brown scales. (AC +3, +7% HP)
You have supernaturally acute eyesight. (SInv)
Armour fits poorly on your strangely shaped body.
You can roll at nearby foes to attack.
You have a long armoured tail.
You curl defensively after being hit. (AC +7*)


Message History

The merfolk impaler misses you. The merfolk completely misses you.
The satyr shoots a sling bullet.
The sling bullet hits you!!
* * * LOW HITPOINT WARNING * * *
You hit the merfolk siren.
The merfolk siren is devoured by a tear in reality.
Lugonu claims a new guest.
You are no longer entranced.
You slash the merfolk impaler! You completely miss the merfolk.
The merfolk impaler blinks!
The merfolk closely misses you.
The merfolk hits you from afar with a +0 trident of protection!
* * * LOW HITPOINT WARNING * * *
The satyr shoots a sling bullet.
The sling bullet completely misses you. The merfolk completely misses you.
The satyr shoots a sling bullet.
The sling bullet hits you!!
* * * LOW HITPOINT WARNING * * *
Unknown command.
Things that are here:
a +0 trident; a merfolk corpse
Okay, then.
Press: ? - help, Shift-Dir - straight line, f - merfolk
Aim: a merfolk, wielding a +0 trident (heavily wounded, chance to affect: 76%)
The merfolk is devoured by a tear in reality.
Lugonu claims a new guest.
Unknown command.
Roll where?
Press: ? - help, Dir - move target, f - merfolk impaler
Aim: a merfolk impaler, wielding a +0 trident and wearing a +0 robe (translocational energy, almost dead)
You roll forward with a clatter of scales!
You hit the merfolk impaler but do no damage.
Space warps around the merfolk impaler.
The merfolk impaler is almost dead.
You block the merfolk's attack.
Unknown command.
Roll where?
Press: ? - help, Dir - move target, f - merfolk, p - merfolk impaler
Aim: a merfolk, wielding a +0 trident of protection (translocational energy)
You roll forward with a clatter of scales!
You closely miss the merfolk. You miss the merfolk impaler.
The satyr shoots a sling bullet.
The sling bullet hits you!!
You die... #.......≈≈≈≈≈≈≈≈≈≈≈≈≈..# ##P<....P≈≈≈≈≈≈≈≈≈≈≈≈≈≈.. #.#...P..≈≈≈≈≈≈≈≈≈≈≈≈≈≈.# ##.....##..≈≈≈≈≈≈≈≈≈≈≈≈≈.) P.....## #..≈≈†≈≈≈≈≈(.>≈.. .[..P..# #..≈≈≈≈≈≈≈≈≈.≈.. .PPPP.## #...[≈..c≈≈≈≈...
P.PPP.#

##...§m.≈≈≈≈≈.≈≈ .≈≈.P##
#..##@...≈≈≈≈.≈ .P...#
####m§≈.≈≈≈≈≈≈m ##P###
###○≈≈≈≈≈≈≈≈≈. ###
##.†.≈≈≈≈≈≈≈≈.# #
######....^..≈≈≈≈.## #
#.......≈...≈≈≈≈≈... ##
#####.≈......≈≈≈≈≈≈≈..
.####..##≈.....≈≈≈≈≈≈≈≈≈≈
.........≈≈≈≈≈≈≈≈≈≈≈...≈


You could see a merfolk impaler, a satyr and a merfolk.

Vanquished Creatures
  A nagaraja (Snake:3)
  Ilsuiw (Shoals:3)
  The ghost of ThanksArdit the Tortoise, a journeyman MiGl of Okawaru (Orc:2)
  Nessos (Lair:5)
  An ettin (D:15)
  Josephine (Lair:5)
  A rakshasa (D:15)
  5 hydras
  8 naga warriors
  3 vault guards (D:14)
  4 catoblepae (Lair:6)
  A boulder beetle (D:14)
  A salamander tyrant (Snake:1)
  13 anacondas
  5 two-headed ogres
  2 tengu warriors (D:15)
  9 centaur warriors
  4 death yaks (Lair:6)
  8 shock serpents
  8 naga sharpshooters
  A hell knight (Volcano)
  Nergalle (Lair:1)
  5 salamander mystics (Snake:4)
  A flayed ghost (D:14)
  4 naga ritualists
  2 wizards
  A lindwurm (Lair:6)
  5 orc knights
  5 harpies (Shoals:3)
  2 necromancers (D:14)
  9 mana vipers
  4 cyclopes
  8 manticores
  An orc sorcerer (Orc:2)
  14 ugly things
  2 fauns (Shoals:2)
  16 elephants
  14 salamanders
  2 merfolk sirens (Shoals:2)
  41 black mambas
  Joseph (D:9)
  A water nymph (Shoals:3)
  11 naga magi
  5 guardian serpents
  2 molten gargoyles (Volcano)
  3 cane toads
  An efreet (D:15)
  2 kobold demonologists
  8 komodo dragons
  2 rime drakes
  2 tengu conjurers (D:9)
  A freezing wraith (D:15)
  3 trolls
  4 polar bears
  A merfolk (Shoals:3)
  A meliai (D:15)
  A wolf spider simulacrum (D:14)
  15 blink frogs
  A dream sheep (shapeshifter) (D:14)
  11 slime creatures
  Grinder (D:6)
  A vampire (D:13)
  7 wraiths
  8 wyverns
  2 water elementals
  2 basilisks (Lair:4)
  55 yaks
  3 steam dragons
  17 humans (D:14)
  11 vampire mosquitoes
  5 wargs
  28 nagas
  An acid dragon (D:10)
  11 water moccasins
  A spectral troll (Orc:2)
  47 orc warriors
  3 black bears
  3 ogres
  27 centaurs
  4 wolves (Lair:2)
  4 kobold brigands
  15 bullfrogs
  2 scorpions
  A wyvern zombie (D:8)
  A wyvern skeleton (D:6)
  A water moccasin skeleton (D:6)
  A spectral ogre (Orc:2)
  4 wights (D:9)
  6 howler monkeys
  6 electric eels
  A bullfrog zombie (D:5)
  4 lava snakes (Volcano)
  2 jellies
  2 hounds
  A quasit (Abyss:1)
  5 centaur zombies
  A gnoll shaman (D:9)
  A centaur skeleton (D:7)
  14 orc priests
  Jessica (D:3)
  A bullfrog skeleton (D:5)
  An iguana (D:5)
  20 orc wizards
  2 spectral orcs (Orc:2)
  A hound zombie (D:5)
  2 howler monkey zombies
  12 gnolls
  An ogre simulacrum (Orc:2)
  15 adders
  A howler monkey skeleton (D:7)
  2 orc simulacra (Orc:2)
  An adder skeleton (D:4)
  A worm (D:5)
  3 dart slugs
  78 orcs
  5 ball pythons
  6 bats
  10 endoplasms
  A giant cockroach (D:2)
  8 goblins
  14 hobgoblins
  11 quokkas
  2 frilled lizards
  25 kobolds
  A rat (D:3)
826 creatures vanquished.

Vanquished Creatures (others)
  4 nagarajas (Snake:4)
  3 salamander tyrants (Snake:4)
  5 naga warriors (Snake:4)
  An anaconda (Snake:4)
  A shock serpent (Snake:4)
  9 naga sharpshooters (Snake:4)
  A salamander mystic (Snake:4)
  5 naga ritualists (Snake:4)
  2 mana vipers (Snake:4)
  A salamander (Snake:4)
  5 black mambas
  5 naga magi (Snake:4)
  5 nagas (Snake:4)
  A centaur (Orc:2)
  An orc (D:11)
  A kobold (D:9)
  27 fungi
  33 plants
  8 starspawn tentacles (Snake:4)
118 creatures vanquished.

Grand Total: 944 creatures vanquished

Notes
Turn   | Place    | Note
-------+----------+-------------------------------------------
     0 | Abyss:1  | shoop the Palentonga Abyssal Knight began the quest for the
                  | Orb.
     0 | Abyss:1  | Reached XP level 1. HP: 19/19 MP: 2/2
    47 | Abyss:1  | Found a corrupted altar of Lugonu.
   143 | Abyss:1  | Noticed a quasit
   165 | Abyss:1  | Killed a quasit
   166 | Abyss:1  | Reached skill level 1 in Dodging
   166 | Abyss:1  | Reached XP level 2. HP: 1/25 MP: 3/3
   166 | Abyss:1  | Reached XP level 3. HP: 1/31 MP: 4/4
   172 | Abyss:1  | Noticed a large abomination
   174 | D:1      | Escaped the Abyss
  1149 | D:1      | Reached skill level 1 in Stealth
  1330 | D:2      | You fall into a shaft and drop 2 floors!
  1343 | D:4      | Reached XP level 4. HP: 27/37 MP: 5/5
  1465 | D:3      | Found an ancient bone altar of Kikubaaqudgha.
  1465 | D:3      | Found a bloodstained altar of Trog.
  1574 | D:3      | Reached ** piety under Lugonu
  2232 | D:3      | Noticed bronco's ghost (amateur HuAE)
  2688 | D:2      | Reached XP level 5. HP: 27/43 MP: 6/6
  3315 | D:2      | Found a faded altar of an unknown god.
  3951 | D:3      | Noticed Jessica
  4252 | D:3      | Killed Jessica
  4296 | D:3      | Reached skill level 5 in Axes
  4396 | D:3      | Found a transporter.
  4459 | D:3      | Found a transporter.
  4643 | D:3      | Reached XP level 6. HP: 41/50 MP: 7/7
  5843 | D:4      | Found a sparkling altar of Nemelex Xobeh.
  5927 | D:5      | Entered Level 5 of the Dungeon
  6449 | D:5      | Identified the +9 flail "Naja" {holy, Fragile rF+ Str+4
                  | Dex+8}
  6497 | D:5      | Found a basalt altar of Yredelemnul.
  6587 | D:5      | Gained mutation: You curl defensively after being hit. (AC
                  | +7*) [Palentonga growth]
  6587 | D:5      | Reached XP level 7. HP: 55/55 MP: 8/8
  6597 | D:5      | Reached *** piety under Lugonu
  6836 | D:5      | Found Verystyu's Antique Weapon Shop.
  7013 | D:4      | Reached skill level 1 in Maces & Flails
  7294 | D:4      | Reached skill level 1 in Shields
  7326 | D:6      | Found a hazy altar of Hepliaklqana.
  7502 | D:6      | Found a large runed translucent door.
  7503 | D:6      | Found a large runed translucent door.
  7508 | D:6      | Noticed LynnLen's ghost (novice FoFi)
  7528 | D:6      | Noticed Grinder
  7533 | D:6      | Killed Grinder
  7534 | D:6      | Reached XP level 8. HP: 52/62 MP: 9/11
  7818 | D:6      | Reached skill level 5 in Invocations
  8161 | D:6      | Found an ornate altar of the Wu Jian Council.
  8271 | D:6      | Noticed Maggie
  8691 | D:7      | Reached XP level 9. HP: 54/69 MP: 14/14
  8779 | D:7      | Found a radiant altar of Vehumet.
  8991 | D:7      | Reached **** piety under Lugonu
  9247 | D:7      | Identified a scroll of acquirement
  9349 | D:7      | Found a staircase to the Ecumenical Temple.
  9752 | D:7      | Found a blossoming altar of Fedhas.
  9752 | D:7      | Identified the +1 leather armour of the Quahog {rElec rPois
                  | rF-}
 10409 | D:8      | Found a staircase to the Lair.
 10530 | D:8      | Identified the +7 long sword of Sudden Death {drain, Will+}
 10802 | D:8      | Reached skill level 5 in Fighting
 11567 | D:9      | Found a runed translucent door.
 11635 | D:9      | Reached XP level 10. HP: 78/79 MP: 16/16
 11846 | D:9      | Noticed Joseph
 12032 | D:9      | Found a hide-covered altar of Uskayaw.
 12233 | D:9      | Reached skill level 10 in Axes
 12242 | D:9      | Noticed a cyclops
 12242 | D:9      | Noticed a tengu warrior
 12264 | D:9      | Banished a tengu warrior
 12282 | D:9      | Noticed a five-headed hydra
 12288 | D:9      | Noticed a two-headed ogre
 12455 | D:9      | Found a snail-covered altar of Cheibriados.
 12524 | D:9      | Reached skill level 5 in Dodging
 12580 | D:9      | Noticed a boulder beetle
 12654 | D:9      | Noticed Gastronok
 12670 | D:9      | Noticed a centaur warrior
 12689 | D:9      | Killed a centaur warrior
 12690 | D:9      | Noticed a boulder beetle
 12844 | D:9      | Noticed a two-headed ogre
 12866 | D:9      | Killed a five-headed hydra
 13078 | D:9      | Noticed a centaur warrior
 13129 | D:9      | Killed a two-headed ogre
 13130 | D:9      | Reached skill level 1 in Evocations
 13392 | D:9      | Killed a cyclops
 13393 | D:9      | Reached XP level 11. HP: 86/86 MP: 17/17
 13431 | D:9      | Noticed a centaur warrior
 13437 | D:9      | Killed a centaur warrior
 13450 | D:9      | Killed a centaur warrior
 13728 | D:9      | Banished a two-headed ogre
 14142 | D:9      | Banished a boulder beetle
 14337 | D:9      | Killed Joseph
 14621 | D:10     | Entered Level 10 of the Dungeon
 14707 | D:10     | Found a flagged portal.
 14945 | Bailey   | Entered a bailey
 14946 | Bailey   | Noticed an orc knight
 14990 | Bailey   | Noticed an orc knight
 14992 | Bailey   | Banished an orc knight
 15640 | Bailey   | Killed an orc knight
 16505 | D:11     | Reached XP level 12. HP: 69/93 MP: 18/18
 16935 | D:11     | Noticed a two-headed ogre
 16945 | D:11     | Killed a two-headed ogre
 17425 | D:11     | Found a staircase to the Orcish Mines.
 17491 | D:11     | Noticed a tengu warrior
 17746 | D:12     | Found a shimmering altar of Xom.
 18293 | D:12     | Noticed a six-headed hydra
 18310 | D:12     | Killed a six-headed hydra
 19448 | D:13     | Noticed a two-headed ogre
 19454 | D:12     | Banished a two-headed ogre
 19587 | D:13     | Noticed a two-headed ogre
 19602 | D:13     | Killed a two-headed ogre
 19664 | D:13     | Reached skill level 15 in Axes
 19799 | D:13     | Identified the +2 scale mail of Gozag's Inspiration {rElec}
 20144 | D:13     | Noticed a tengu warrior
 21087 | D:14     | Noticed a centaur warrior
 21097 | D:14     | Killed a centaur warrior
 21648 | Lair:1   | Entered Level 1 of the Lair of Beasts
 21746 | Lair:1   | Found the ring of the Hare {EV+8}
 21944 | Lair:2   | Reached XP level 13. HP: 109/109 MP: 19/19
 22199 | Lair:2   | Reached skill level 10 in Fighting
 22394 | Lair:2   | Found a staircase to the Snake Pit.
 23631 | Lair:4   | Reached ***** piety under Lugonu
 23967 | Lair:4   | Found a staircase to the Shoals.
 24620 | Lair:5   | Found a dark tunnel.
 24890 | Volcano  | Entered a volcano
 25006 | Volcano  | Found a bloodstained altar of Trog.
 25695 | Lair:5   | Noticed Nessos
 25701 | Lair:5   | Killed Nessos
 25908 | Lair:5   | Reached skill level 10 in Invocations
 26409 | Lair:5   | Reached XP level 14. HP: 121/121 MP: 21/21
 26413 | Lair:5   | Noticed Josephine
 26443 | Lair:5   | Killed Josephine
 26662 | Lair:6   | Entered Level 6 of the Lair of Beasts
 27060 | Lair:6   | Found a viscous altar of Jiyva.
 27060 | Lair:6   | Found a staircase to the Slime Pits.
 27156 | Lair:6   | Identified the ring "Gipp" {Will+ Dex+6}
 28078 | Lair:6   | Reached ****** piety under Lugonu
 28794 | Lair:6   | Identified the +4 ring mail of Hadjma {rN+ Str+6 Slay-4}
 29313 | Lair:1   | Noticed Nergalle
 29322 | Lair:1   | Killed Nergalle
 29522 | Orc:1    | Entered Level 1 of the Orcish Mines
 30355 | Orc:2    | Entered Level 2 of the Orcish Mines
 30600 | Orc:2    | Found a staircase to the Elven Halls.
 31487 | Orc:2    | Paralysed by an orc sorcerer for 2 turns
 31908 | Orc:2    | Found Icufuod's Assorted Antiques.
 31908 | Orc:2    | Found Macuzoga's Weapon Emporium.
 31910 | Orc:2    | Found Lubruut's Antique Weapon Shoppe.
 31912 | Orc:2    | Found Orhedyttu's Jewellery Boutique.
 32234 | Orc:2    | Found a runed translucent gate.
 32234 | Orc:2    | Found a runed translucent gate.
 32234 | Orc:2    | Found a runed translucent gate.
 32483 | Orc:2    | Noticed ThanksArdit's ghost (journeyman MiGl)
 32739 | Orc:2    | Killed ThanksArdit's ghost
 33157 | D:14     | Found Fuloc's Magic Scroll Boutique.
 33165 | D:14     | Bought a scroll of teleportation for 57 gold pieces
 33524 | D:14     | Reached XP level 15. HP: 123/134 MP: 24/24
 34924 | D:14     | Found a gate to the Vaults.
 34954 | D:14     | Reached skill level 5 in Evocations
 35408 | D:15     | Entered Level 15 of the Dungeon
 37164 | Snake:1  | Entered Level 1 of the Snake Pit
 38907 | Snake:2  | HP: 3/134 [black mamba (5)]
 39824 | Snake:1  | Reached skill level 10 in Dodging
 40186 | Snake:2  | Acquired the amulet of Vanop {Acrobat rF++ rN+ SInv}
 40226 | Snake:2  | Acquired a scarf of resistance
 40487 | Snake:2  | Reached XP level 16. HP: 49/142 MP: 25/25
 43331 | Snake:3  | Reached skill level 15 in Fighting
 43523 | Snake:3  | Found an ancient bone altar of Kikubaaqudgha.
 44519 | Snake:3  | Found Iddy Pao's Antique Armour Shoppe.
 45477 | Snake:4  | Entered Level 4 of the Snake Pit
 49624 | Snake:4  | Reached skill level 5 in Shields
 50240 | Orc:2    | Identified a +2 broad axe of distortion (a +0 broad axe
                  | corrupted by Lugonu)
 50240 | Orc:2    | Received a gift from Lugonu
 50593 | Snake:4  | Corrupted Snake:4
 50594 | Snake:4  | Noticed a tentacled starspawn
 50606 | Snake:4  | Noticed a tentacled starspawn
 50608 | Snake:4  | Noticed a Hell Sentinel
 50609 | Snake:4  | Noticed a bone dragon
 50631 | Snake:4  | Got a serpentine rune of Zot
 51109 | Shoals:1 | Entered Level 1 of the Shoals
 51224 | Shoals:2 | Reached XP level 17. HP: 123/157 MP: 26/26
 51458 | Shoals:3 | Acquired a +1 crystal plate armour
 51529 | Shoals:4 | Entered Level 4 of the Shoals
 51747 | Shoals:3 | Noticed Ilsuiw
 51768 | Shoals:3 | Killed Ilsuiw
 51787 | Shoals:3 | Shot with a sling bullet by a satyr

Illustrated notes

Levels and vault maps discovered:
D:1:      dpeg_arrival_castle, layout_basic
D:2:      layout_basic, dreamdust_ecumenical_altar_angels_and_demons
D:3:      layout_basic, mainiacjoe_overflow_catwalk_spiral,
          gammafunk_ghost_stat_death, uniq_jessica
D:4:      layout_basic, nemelex_xobeh_ov_fountains_minmay, minmay_circle_x
D:5:      layout_rooms, mainiacjoe_overflow_small_starburst, serial_shops,
          kennysheep_mini_moat
D:6:      layout_basic, grunt_temple_overflow_order_and_chaos_2,
          mainiacjoe_overflow_paths, nzn_wu_jian_council_hall,
          ebering_ghost_disaster_area, uniq_grinder, uniq_maggie
D:7:      layout_layer_cave, nicolae_vehumet_radiance,
          lemuel_coloured_pillars_altar, minmay_temple_entry_from_below_a
D:8:      nicolae_cairo_tiling_large_dashed, layout_basic, dpeg_oklobed_lair,
          st_stairs_8
D:9:      minmay_the_grid_four_pointed_star [minmay_the_grid_triangle_9x9_empty,
          minmay_the_grid_triangle_9x9_subtriangle,
          minmay_the_grid_triangle_9x9_zippers_horizontal,
          minmay_the_grid_triangle_9x9_wacky_v,
          minmay_the_grid_prize_trominoes], layout_loops_corners,
          mainiacjoe_overflow_chevrons, nicolae_uskayaw_dance_studio,
          minivault_24, grunt_ministairs_3, uniq_gastronok, uniq_joseph
D:10:     layout_rooms, enter_bailey_4
D:11:     layout_cave_pods, david_orc_2
D:12:     layout_basic, serial_co_window_serial, co_window_of_opportunity_a,
          co_window_corner_a, co_window_corner_a, co_window_cross_1,
          co_window_corner_a, co_window_unsneaky_path_e,
          co_window_unsneaky_path_a, co_window_broadway_c, co_window_corner_b,
          co_window_corner_b, co_window_corner_cb, glass_columns_a,
          glass_columns_c, glass_columns_a, glass_columns_b, nrook_mini_vaults,
          xom_teletrap_fun
D:13:     layout_roguey, interstate_on_off
D:14:     layout_gridville, grunt_vaults_entry_tiered, serial_shops,
          nicolae_shop_crystal, hangedman_abyss_or_decor_slice
D:15:     hangedman_depths_entry_civil_slaughter, layout_cave_pods,
          minmay_splitting_lines
Lair:1:   layout_gridlike, serial_bayou_pond_a, kennysheep_rathole,
          uniq_nergalle
Lair:2:   layout_cave_pods, dummy_snake_entry, basic_altar,
          serial_bayou_shore_a, infiniplex_staircase_pool_2
Lair:3:   layout_long_grid, grunt_megastairs_3
Lair:4:   layout_regular_city, shoals_dummy_entry, grunt_megastairs_1,
          serial_bayou_shore_b
Lair:5:   layout_regular_city, nicolae_volcano_entry_two_sided,
          lemuel_fruit_fields, uniq_nessos, uniq_josephine
Lair:6:   evilmike_catoblepas_cave, layout_gridlike,
          dpeg_slime_entry_enclosed_altar
Shoals:1: cheibrodos_shoals_gigantism, layout_shoals,
          nicolae_shoals_arrival_archipelago, uniq_aizul
Shoals:2: layout_shoals, nicolae_shoals_beach_house_on_fowls_legs
Shoals:3: layout_shoals, uniq_polyphemus, uniq_ilsuiw
Shoals:4: shoals_end_grunt_ice, layout_shoals, lightli_airlock
Snake:1:  layout_rooms
Snake:2:  layout_onion_interference, grunt_megastairs_2
Snake:3:  layout_grid_maze, basic_altar, serial_shops, shop_fountains
Snake:4:  snake_pit, layout_cave_town, nicolae_snake_scaly_snakehead
Orc:1:    layout_diamond_mine
Orc:2:    st_orc_rangers, layout_caves, gammafunk_ghost_necromancy

Skill      XL: |  1  2  3  4  5  6  7  8  9 10 11 12 13 14 15 16 17 |
---------------+----------------------------------------------------+-----
Dodging        | 1 2 3 5 10 | 10.0
Stealth        | 1 3 |  3.0
Axes           | 3 4 5 6 8 9 11 14 15 17 | 17.9
Maces & Flails | 2 |  2.3
Shields        | 1 3 4 6 7 |  7.7
Invocations    | 4 7 8 10 12 13 | 13.0
Armour         | 2 3 |  3.0
Fighting       | 5 9 11 14 17 | 17.2
Evocations     | 1 4 5 |  5.0

Action                   |  1- 3 |  4- 6 |  7- 9 | 10-12 | 13-15 | 16-18 || total
-------------------------+-------+-------+-------+-------+-------+-------++-------
Melee: Hand axe          |    72 |   288 |       |       |       |       ||   360
       Tailslap          |     6 |    25 |    30 |   143 |   509 |   196 ||   909
       Flail             |       |     7 |   177 |   451 |  1803 |   688 ||  3126
       Broad axe         |       |       |       |       |       |   143 ||   143
Throw: Dart              |       |       |       |    45 |       |       ||    45
Invok: Bend Space        |       |     1 |       |     2 |     3 |     3 ||     9
       Banish            |       |       |       |     7 |     8 |     5 ||    20
       Corrupt           |       |       |       |       |       |     1 ||     1
       Brand Weapon With |       |       |       |       |       |     1 ||     1
 Abil: Rolling Charge    |     1 |    12 |     3 |    26 |    47 |    50 ||   139
Evoke: Lightning rod     |       |       |       |     4 |       |       ||     4
       Piece from Xom's  |       |       |       |       |     5 |       ||     5
  Use: Scroll            |       |       |    10 |     2 |    16 |     5 ||    33
       Potion            |       |       |       |     1 |     6 |       ||     7
 Stab: Sleeping          |       |     3 |     3 |       |     5 |     1 ||    12
       Distracted        |       |       |     1 |       |     2 |       ||     3
Armor: Leather armour    |    46 |   104 |    45 |    91 |    71 |       ||   357
       Plate armour      |       |       |       |       |    10 |       ||    10
       Ring mail         |       |       |       |       |   192 |   193 ||   385
       Chain mail        |       |       |       |       |     1 |       ||     1
Dodge: Dodged            |    49 |   119 |    78 |   201 |   889 |   676 ||  2012
Block: Other             |       |     8 |    39 |    18 |       |       ||    65
       Buckler           |       |       |       |   300 |  1093 |   316 ||  1709
       Reflection        |       |       |       |    25 |   115 |       ||   140

Table legend: (Time is in decaauts)
 A = Elapsed time spent in this place.
 B = Non-inter-level travel time spent in this place.
 C = Inter-level travel time spent in this place.
 D = Time resting spent in this place.
 E = Time spent auto-exploring this place.
 F = Levels seen in this place.
 G = Mean time per level.
                   A        B        C        D        E       F      G
               +--------+--------+--------+--------+--------+-----+--------+
         Total |  51525 |  48319 |   3206 |  11214 |  28107 |  34 | 1515.4 |
       Dungeon |  25075 |  23459 |   1616 |   4172 |  15357 |  15 | 1671.7 |
          Lair |   7607 |   6881 |    726 |    598 |   4630 |   6 | 1267.8 |
        Shoals |    664 |    664 |      0 |    313 |     87 |   4 |  166.0 |
     Snake Pit |  13061 |  12437 |    624 |   4307 |   6260 |   4 | 3265.2 |
  Orcish Mines |   3314 |   3076 |    238 |   1049 |   1360 |   2 | 1657.0 |
         Abyss |    177 |    177 |      0 |      0 |    108 |   1 |  177.0 |
        Bailey |   1005 |   1005 |      0 |    566 |    165 |   1 | 1005.0 |
       Volcano |    619 |    619 |      0 |    208 |    140 |   1 |  619.0 |
               +--------+--------+--------+--------+--------+-----+--------+

Top non-repeatable levels by time:
 Snake:3: 4114 daAuts
 Snake:4: 3420 daAuts
     D:9: 3137 daAuts
 Snake:2: 2823 daAuts
    D:14: 2776 daAuts
 Snake:1: 2704 daAuts
  Lair:6: 2272 daAuts
     D:3: 2222 daAuts
    D:12: 2047 daAuts
  Lair:5: 1750 daAuts
   Orc:2: 1742 daAuts
    D:11: 1737 daAuts
     D:2: 1692 daAuts
     D:8: 1670 daAuts
     D:7: 1576 daAuts
